 Dungeon Crawl Stone Soup version 0.30.1-11-g7821555f0a (webtiles) character file.

Game seed: 12301027589261881955

173 thestarryknight the Charlatan (level 5, -1/38 HPs)
             Began as a Human Artificer on Jan 3, 2024.
             Succumbed to a water moccasin's poison
             ... on level 5 of the Dungeon.
             The game lasted 00:47:18 (3721 turns).

thestarryknight the Charlatan (Human Artificer)     Turns: 3721, Time: 00:47:18

Health: -1/38      AC:  8    Str: 12    XL:     5   Next: 83%
Magic:  14/14      EV:  8    Int: 16    God:
Gold:   96         SH:  7    Dex: 14    Spells: 0/4 levels left

rFire   . . .        k - +0 war axe
rCold   . . .        o - +0 kite shield
rNeg    . . .        D - +3 ring mail "Zussagru" {Contam Int+3 SInv}
rPois   .            (no helmet)
rElec   .            i - scarf {harm}
rCorr   +            (no gloves)
SInv    +            (no boots)
Will    .....        (no amulet)
Stlth   +            f - ring of resist corrosion
HPRegen 0.26/turn    F - ring of magical power
MPRegen 0.14/turn

%: harm (+30% outgoing, +20% incoming)
@: lethally poisoned (-1 -> -17)
A: no striking features
a: no special abilities


You were on level 5 of the Dungeon.
You visited 2 branches of the dungeon, and saw 6 of its levels.

You collected 96 gold pieces.

Inventory:

Hand Weapons
 k - a +0 war axe (weapon)
Missiles
 h - 57 stones
 A - a javelin
 B - a silver javelin
 C - a poisoned dart
Armour
 i - a scarf of harm (worn)
 j - a +0 chain mail
 l - a scarf of shadows
 n - a +0 ring mail
 o - a +0 kite shield (worn)
 r - a +0 plate armour
 y - a +0 barding
 D - the +3 ring mail "Zussagru" (worn) {Contam Int+3 SInv}
   (You found it on level 4 of the Dungeon)

   Int:       It affects your intelligence (+3).
   SInv:      It lets you see invisible.
   Contam:    It causes magical contamination when unequipped.
Jewellery
 f - a ring of resist corrosion (left hand)
 F - a ring of magical power (right hand)
Wands
 c - a wand of flame (7)
 d - a wand of charming (17)
 e - a wand of iceblast (5)
Scrolls
 b - 4 scrolls of magic mapping {unknown}
 p - 2 scrolls of torment {unknown}
 s - 9 scrolls of identify {unknown}
 t - a scroll of noise {unknown}
 u - a scroll of poison {unknown}
 v - a scroll of teleportation {unknown}
 E - a scroll of blinking {unknown}
Potions
 a - a potion of berserk rage {unknown}
 g - 3 potions of curing (quivered)
 m - a potion of might {unknown}
 q - 2 potions of brilliance {unknown}
 w - a potion of degeneration {unknown}
 x - a potion of ambrosia {unknown}
 z - a potion of invisibility {unknown}


   Skills:
 * Level 2.1 Fighting
 + Level 1.9(2.1) Axes
 + Level 1.3(1.9) Maces & Flails
 * Level 0.7 Throwing
 + Level 3.3 Armour
 + Level 1.1 Dodging
 + Level 1.1 Stealth
 + Level 0.6 Shields
 - Level 3.6 Evocations


You couldn't memorise any spells.
You knew the following spells:

 Your Spells              Type           Power      Damage    Failure   Level
a - Mephitic Cloud        Conj/Pois/Air  0%         N/A       100%        3
b - Necrotise             Necr           0%         1d4       94%         1

Your spell library contained the following spells:

 Spells                   Type           Power      Damage    Failure   Level
 Poisonous Vapours        Pois/Air       0%         N/A       98%         2
 Scorch                   Fire           0%         2d5       98%         2
 Inner Flame              Hex/Fire       0%         N/A       100%        3
 Vampiric Draining        Necr           0%         2d6       100%        3
 Agony                    Necr           0%         N/A       100%        5
 Freezing Cloud           Conj/Ice/Air   0%         6-21      100%        5
 Plasma Beam              Fire/Air       0%         2x1d11    100%        6


Dungeon Overview and Level Annotations

Branches:
Dungeon (5/15)             Temple (1/1) D:4

Altars:
Ashenzari
Dithmenos
Gozag
Kikubaaqudgha
Makhleb
Okawaru
Qazlal
Sif Muna
Uskayaw
Vehumet
Xom
Zin
Lugonu

Shops:
D:1 (   D:4 (


Message History

The water moccasin poisons you! The water moccasin bites you!
* * * LOW HITPOINT WARNING * * *
You are more poisoned.
The water moccasin poisons you!
You feel better.
The water moccasin bites you but does no damage.
The water moccasin bites you.
You barely miss the water moccasin.
The water moccasin is heavily wounded.
The water moccasin barely misses you. You block the water moccasin's attack.
You miss the water moccasin.
The water moccasin is heavily wounded.
The water moccasin closely misses you.
The water moccasin bites you but does no damage.
The water moccasin misses you.
You miss the water moccasin.
The water moccasin is heavily wounded.
You block the water moccasin's attack. The water moccasin barely misses you.
You block the water moccasin's attack.
You miss the water moccasin.
The water moccasin is moderately wounded.
The water moccasin bites you.
The water moccasin bites you but does no damage.
You hit the water moccasin.
The water moccasin is heavily wounded.
The water moccasin barely misses you. The water moccasin bites you.
You are poisoned.
The water moccasin poisons you!
You miss the water moccasin.
The water moccasin is heavily wounded.
You feel very sick. The water moccasin bites you.
* * * LOW HITPOINT WARNING * * *
The water moccasin bites you.
* * * LOW HITPOINT WARNING * * *
You are more poisoned.
The water moccasin poisons you!
You closely miss the water moccasin.
The water moccasin is heavily wounded.
You die...

##...#.#
.###..<.#.#
.......$..#
#...# #...#
#...# #...#
#..S# #..@#
#####


You could see a water moccasin.

Vanquished Creatures
  A scorpion (D:4)
  Ijyb (D:4)
  2 adders (D:3)
  An orc (D:3)
  6 bats
  5 endoplasms
  6 giant cockroaches
  4 goblins
  6 hobgoblins
  8 jackals
  8 quokkas
  A ball python (D:4)
  6 frilled lizards
  3 kobolds
  2 rats
60 creatures vanquished.

Vanquished Creatures (collateral kills)
  2 kobolds (D:1)
  A rat (D:3)
3 creatures vanquished.

Grand Total: 63 creatures vanquished

Notes
Turn   | Place    | Note
-------+----------+-------------------------------------------
     0 | D:1      | thestarryknight the Human Artificer began the quest for the
                  | Orb.
     0 | D:1      | Reached XP level 1. HP: 15/15 MP: 1/1
   191 | D:1      | Reached XP level 2. HP: 21/21 MP: 2/2
   327 | D:1      | Reached XP level 3. HP: 3/26 MP: 3/3
   404 | D:1      | Reached skill level 1 in Maces & Flails
   635 | D:1      | Found Zowah's Weapon Shop.
  1107 | D:2      | Found a shimmering altar of Xom.
  1500 | D:3      | Found a burning altar of Makhleb.
  1626 | D:3      | Reached XP level 4. HP: 24/32 MP: 4/4
  1662 | D:3      | Found a faded altar of an unknown god.
  1772 | D:3      | Reached skill level 1 in Axes
  2863 | D:3      | Learned a level 3 spell: Mephitic Cloud
  3138 | D:4      | Found a shimmering blue altar of Sif Muna.
  3171 | D:4      | Noticed Ijyb
  3272 | D:4      | Killed Ijyb
  3273 | D:4      | Reached XP level 5. HP: 14/37 MP: 5/5
  3275 | D:4      | Found Optiqoga's Firing Range.
  3370 | D:4      | Learned a level 1 spell: Necrotise
  3379 | D:4      | Found a staircase to the Ecumenical Temple.
  3389 | Temple   | Entered the Ecumenical Temple
  3484 | D:4      | Identified the +3 ring mail "Zussagru" {Contam Int+3 SInv}
  3661 | D:4      | Got the Volume of Incandescence
  3696 | D:4      | You fall into a shaft and drop 1 floor!
  3696 | D:5      | Entered Level 5 of the Dungeon
  3699 | D:5      | Noticed a water moccasin
  3721 | D:5      | Succumbed to a water moccasin's poison

Illustrated notes

Levels and vault maps discovered:
D:1:      nagdon_arrival_double_spiral, layout_rooms, serial_shops, shop
D:2:      layout_rooms, basic_altar
D:3:      layout_basic, mainiacjoe_overflow_brackets, basic_ecumenical_altar,
          grunt_ministairs_8
D:4:      nicolae_cairo_tiling_very_big, layout_basic,
          nicolae_sif_muna_condensation, nicolae_shop_firing_range, uniq_ijyb
D:5:      layout_rooms, grunt_ministairs_9, uniq_eustachio
Temple:   corrupted_temple

Skill      XL: |  1  2  3  4  5 |
---------------+----------------+-----
Maces & Flails | 1 |  1.3
Axes           | 1 |  1.9
Armour         | 3 |  3.3
Fighting       | 2 |  2.1
Throwing       | |  0.7
Dodging        | |  1.1
Stealth        | |  1.1
Shields        | |  0.6
Evocations     | |  3.6

Action                     |  1- 3 |  4- 6 || total
---------------------------+-------+-------++-------
  Melee: Whip              |   107 |       ||   107
         Club              |     4 |       ||     4
         Punch             |     1 |       ||     1
         War axe           |    29 |   126 ||   155
  Evoke: Wand              |    13 |     4 ||    17
    Use: Potion            |     1 |     3 ||     4
         Scroll            |     1 |       ||     1
 Armour: Leather armour    |    27 |       ||    27
         Ring mail         |    20 |    21 ||    41
         Chain mail        |     5 |    14 ||    19
         Plate armour      |       |    74 ||    74
  Dodge: Dodged            |   106 |    16 ||   122
  Block: Kite shield       |    18 |    56 ||    74
